[Event "*** SCC Grand Prix: Titled Tuesday Blitz"]
[Site "Chess.com"]
[Date "2020.06.09"]
[Round "7"]
[White "GiorgianBarbosa"]
[Black "MartinCerveny"]
[Result "1-0"]
[WhiteElo "2354"]
[BlackElo "2489"]
[TimeControl "180+1"]
[EndTime "10:14:36 PDT"]
[Termination "GiorgianBarbosa won by resignation"]

1. Nf3 d5 2. d4 Nf6 3. g3 Bf5 4. Bg2 c6 5. O-O Nbd7 6. c4 e6 7. Nc3 h6 8. b3 Bd6 9. Bb2 O-O 10. Nd2 Qe7 11. e4 dxe4 12. Ncxe4 Nxe4 13. Nxe4 Bxe4 14. Bxe4 Rad8 15. Qe2 Ba3 16. Bc3 Bb4 17. Bb2 Ba3 18. Bc3 Bb4 19. Bb2 a5 20. a3 Bd6 21. Kg2 Rfe8 22. Rfe1 Nf6 23. Bf3 e5 24. dxe5 Bxe5 25. Qxe5 Qxe5 26. Bxe5 1-0

[Event "*** SCC Grand Prix: Titled Tuesday Blitz"]
[Site "Chess.com"]
[Date "2020.06.09"]
[Round "7"]
[White "sonicdravise"]
[Black "2007checkmate"]
[Result "1-0"]
[WhiteElo "2560"]
[BlackElo "2403"]
[TimeControl "180+1"]
[EndTime "10:14:43 PDT"]
[Termination "sonicdravise won by resignation"]

1. Nf3 d5 2. c4 c6 3. e3 Nf6 4. Nc3 e6 5. b3 Bd6 6. Bb2 O-O 7. Qc2 e5 8. Be2 Be6 9. d3 h6 10. O-O Nbd7 11. Rac1 Qe7 12. Rfe1 Bf5 13. Qb1 e4 14.
Nd4 Bh7 15. dxe4 Nxe4 16. Nxe4 Bxe4 17. Bd3 Bxd3 18. Qxd3 Ne5 19. Qc3 Qe6 20. Nxe6 1-0

[Event "*** SCC Grand Prix: Titled Tuesday Blitz"]
[Site "Chess.com"]
[Date "2020.06.09"]
[Round "7"]
[White "BronceYSueno"]
[Black "luizwas"]
[Result "1-0"]
[WhiteElo "2251"]
[BlackElo "1814"]
[TimeControl "180+1"]
[EndTime "10:14:55 PDT"]
[Termination "BronceYSueno won by resignation"]

1. Nf3 Nc6 2. c4 g6 3. g3 Bg7 4.
Bg2 e6 5. O-O Nge7 6. Nc3 O-O 7.
e3 d5 8. cxd5 exd5 9. d4 f5 10.
b3 b6 11. Bb2 a5 12. Rc1 Ba6 13. Re1 Na7 14. Ne5 Bxe5 15. dxe5 Nb5 16. Nxb5 Bxb5 17. e6 Qd6 18. Qd4 1-0

[Event "*** SCC Grand Prix: Titled Tuesday Blitz"]
[Site "Chess.com"]
[Date "2020.06.09"]
[Round "7"]
[White "Iball95"]
[Black "Nbk90"]
[Result "0-1"]
[WhiteElo "2667"]
[BlackElo "2555"]
[TimeControl "180+1"]
[EndTime "10:15:01 PDT"]
[Termination "Nbk90 won by resignation"]

1. d4 Nf6 2. Nc3 e6 3. e4 d5 4. Bg5 dxe4 5. Nxe4 Be7 6. Bxf6 gxf6 7. Qd3 f5 8. Nc3 a6 9. O-O-O b5 10. Nf3 b4 11.
Na4 Bb7 12. Ne5 Nd7 13. Qg3 Kf8 14. Nc5 Nxe5 15. dxe5 Qxd1+ 16. Kxd1 Bxc5 17. Kc1 Rg8 18. Qh4 Rg4 19. Qxh7 Bxf2 20. Qh4 Rxh4 0-1

[Event "*** SCC Grand Prix: Titled Tuesday Blitz"]
[Site "Chess.com"]
[Date "2020.06.09"]
[Round "7"]
[White "harkerchess"]
[Black "killer311"]
[Result "0-1"]
[WhiteElo "2034"]
[BlackElo "2398"]
[TimeControl "180+1"]
[EndTime "10:15:16 PDT"]
[Termination "killer311 won by resignation"]

1. d4 d5 2. c4 c6 3. cxd5 cxd5 4. Nc3 Nf6 5. Nf3 Nc6 6. Bf4 a6 7. e3 Bg4 8. Bd3 e6 9. h3 Bh5 10.
g4 Bg6 11. Ne5 Bd6 12. Nxg6 hxg6 13. Bxd6 Qxd6 14. f4 Rc8 15. Qb3 b5 16. Rc1 g5 17.
Ne2 gxf4 18. exf4 Nxg4 19. Rg1 Nf6 20. Rxg7 Rxh3 21. Kd2 Ne4+ 22. Ke1 Rh1+ 23. Ng1 Qxf4 24. Qc2 Qe3+ 25. Kf1 Kf8 26. Bxe4 dxe4 27. Rg4 Qf3+ 28. Ke1 Qxg4 29. Qc5+ Kg7 30. Qg5+ Qxg5 0-1

[Event "*** SCC Grand Prix: Titled Tuesday Blitz"]
[Site "Chess.com"]
[Date "2020.06.09"]
[Round "7"]
[White "Alexander_Moskalenko"]
[Black "AnishGiri"]
[Result "1/2-1/2"]
[WhiteElo "2837"]
[BlackElo "2972"]
[TimeControl "180+1"]
[EndTime "10:15:18 PDT"]
[Termination "Game drawn by repetition"]

1. d4 Nf6 2. c4 e6 3. Nc3 Bb4 4.
e3 O-O 5. Ne2 d5 6. a3 Bd6 7. cxd5 exd5 8. Nf4 Bxf4 9. exf4 Re8+ 10. Be2 c5 11. Be3 Ng4 12. Bxg4 Bxg4 13. Qxg4 cxd4 14. O-O dxe3 15. fxe3 d4 16. exd4 Qxd4+ 17. Kh1 Nc6 18. Rad1 Qc4 19. Nd5 Red8 20. Nf6+ Kh8 21.
Qf5 gxf6 22. Qxf6+ Kg8 23. Qg5+ Kf8 24. Qh6+ Kg8 25.
Qg5+ Kf8 26. Qh6+ Kg8 27. Qg5+ 1/2-1/2

[Event "*** SCC Grand Prix: Titled Tuesday Blitz"]
[Site "Chess.com"]
[Date "2020.06.09"]
[Round "7"]
[White "Orest_Vovk"]
[Black "CHESSMASTER759"]
[Result "1/2-1/2"]
[WhiteElo "2471"]
[BlackElo "2603"]
[TimeControl "180+1"]
[EndTime "10:15:25 PDT"]
[Termination "Game drawn by agreement"]

1. h4 a5 2. h5 a4 3. d4 d5 4.
a3 h6 5. Bf4 Bf5 6. e3 e6 7. Bd3 Bxd3 8. Qxd3 c6 9. c4 Bd6 10. Ne2 Bxf4 11. Nxf4 Nf6 12. Nc3 O-O 13. c5 Nbd7 14. O-O-O b6 15. Rhg1 bxc5 16. g4 cxd4 17. exd4 Nh7 18. Nh3 c5 19. f4 cxd4 20. Qxd4 Qb6 21.
g5 Qxd4 22. Rxd4 hxg5 23. fxg5 Ne5 24. g6 Nf6 25. gxf7+ Rxf7 26. Ng5 Re7 1/2-1/2

[Event "*** SCC Grand Prix: Titled Tuesday Blitz"]
[Site "Chess.com"]
[Date "2020.06.09"]
[Round "7"]
[White "Jadeit90"]
[Black "Nor1lsk"]
[Result "0-1"]
[WhiteElo "2317"]
[BlackElo "2602"]
[TimeControl "180+1"]
[EndTime "10:15:27 PDT"]
[Termination "Nor1lsk won by resignation"]

1. e4 c5 2. Nc3 a6 3. g3 b5 4.
Bg2 Bb7 5. d3 e6 6. Nge2 b4 7.
Nb1 d5 8. exd5 Bxd5 9. O-O Nf6 10. d4 Bxg2 11. Kxg2 Nc6 12. dxc5 Bxc5 13. Nd2 O-O 14. Nb3 Bb6 15. Bg5 Qe7 16. Qd3 h6 17. Bxf6 Qxf6 18.
Qf3 Qxf3+ 19. Kxf3 a5 20. Rfd1 Ne5+ 21. Kg2 Nc4 22. Rab1 Rfc8 23. Nbd4 Rc5 24. c3 Rd5 25. Nf4 Rdd8 26. Nfe2 e5 27. Nc6 Rxd1 28. Rc1 Rxc1 0-1

[Event "*** SCC Grand Prix: Titled Tuesday Blitz"]
[Site "Chess.com"]
[Date "2020.06.09"]
[Round "7"]
[White "Khazieva_Elza"]
[Black "blitzcopter"]
[Result "1-0"]
[WhiteElo "2241"]
[BlackElo "2076"]
[TimeControl "180+1"]
[EndTime "10:15:34 PDT"]
[Termination "Khazieva_Elza won by resignation"]

1. e4 c6 2. d3 d5 3. Nd2 e5 4. Ngf3 Bd6 5. d4 exd4 6. exd5 c5 7. Bb5+ Bd7 8. Qe2+ Qe7 9. Ne4 Kf8 10. Nxd6 Qxd6 11. O-O Nf6 12. Re1 Na6 13. Bf4 Qxf4 14. Qe7+ Kg8 15.
Bxd7 Nxd7 16. Qxd7 Qc7 17. Re8+ 1-0

[Event "*** SCC Grand Prix: Titled Tuesday Blitz"]
[Site "Chess.com"]
[Date "2020.06.09"]
[Round "7"]
[White "Sanyura"]
[Black "Berant"]
[Result "1-0"]
[WhiteElo "2487"]
[BlackElo "2322"]
[TimeControl "180+1"]
[EndTime "10:15:37 PDT"]
[Termination "Sanyura won by checkmate"]

1. d4 Nf6 2. c4 e6 3. Nc3 d5 4. Nf3 c5 5. cxd5 Nxd5 6. e4 Nxc3 7. bxc3 cxd4 8. cxd4 Bb4+ 9. Bd2 Bxd2+ 10. Qxd2 O-O 11. Be2 Nd7 12. O-O b6 13. Rfd1 Bb7 14. d5 Nc5 15.
Qf4 exd5 16. exd5 Qf6 17. Qxf6 gxf6 18. Nh4 Rfe8 19. Bb5 Re5 20. d6 a6 21. Bc4 Rd8 22. Rac1 Rh5 23. g3 Ne4 24. Bxf7+ Kxf7 25. Rc7+ Ke6 26. Re7# 1-0

[Event "*** SCC Grand Prix: Titled Tuesday Blitz"]
[Site "Chess.com"]
[Date "2020.06.09"]
[Round "7"]
[White "dretch"]
[Black "mishanick"]
[Result "1-0"]
[WhiteElo "2825"]
[BlackElo "2933"]
[TimeControl "180+1"]
[EndTime "10:15:48 PDT"]
[Termination "dretch won by resignation"]

1. d4 Nf6 2. c4 e6 3. Nc3 d5 4. cxd5 exd5 5. Bg5 h6 6. Bxf6 Qxf6 7. Nxd5 Qd6 8. Nc3 Qb6 9. Qd2 c5 10. Qe3+ Qe6 11. Qxe6+ Bxe6 12. d5 Bd7 13. e4 Bd6 14. Bb5 Be5 15. Bxd7+ Nxd7 16. Nge2 a6 17. f4 Bxc3+ 18. Nxc3 b5 19. O-O-O Nb6 20. e5 Kd7 21.
Ne4 Rac8 22. f5 Nc4 23. e6+ fxe6 24. dxe6+ Ke7 25. Rd7+ Kf8 26. f6 gxf6 27. Rf7+ 1-0

[Event "*** SCC Grand Prix: Titled Tuesday Blitz"]
[Site "Chess.com"]
[Date "2020.06.09"]
[Round "7"]
[White "temus_galaktionov"]
[Black "Gennady_Kozlov"]
[Result "1-0"]
[WhiteElo "2716"]
[BlackElo "2558"]
[TimeControl "180+1"]
[EndTime "10:15:54 PDT"]
[Termination "temus_galaktionov won by resignation"]

1. d4 e6 2. Nf3 Nf6 3. c4 b6 4.
g3 Bb7 5. Bg2 Be7 6. Nc3 O-O 7.
Qc2 c5 8. d5 d6 9. e4 e5 10.
O-O Nbd7 11. Ne1 Ne8 12. f4 f6 13. f5 Rf7 14. g4 Nf8 15. h4 h6 16. Bf3 Nh7 17. Qg2 a6 18. Be2 Bc8 19. Be3 Bd7 20. Nf3 Nc7 21. a4 Rb8 22. b3 b5 23.
Rab1 b4 24. Nd1 Kf8 25. Kf2 Bc8 26. Ke1 Ke8 27. g5 hxg5 28. hxg5 fxg5 29. Rh1 g4 30.
Rxh7 gxf3 31. Bxf3 Bf6 32. Bh5 Qe7 33. Nf2 Kd7 34.
Bxf7 Qxf7 35. Ke2 a5 36. Rg1 Ne8 37. Ng4 Ba6 38. Nxf6+ Qxf6 39. Qg6 Kd8 40. Bg5 1-0

[Event "*** SCC Grand Prix: Titled Tuesday Blitz"]
[Site "Chess.com"]
[Date "2020.06.09"]
[Round "7"]
[White "m_ezat"]
[Black "AGW2016"]
[Result "1-0"]
[WhiteElo "2474"]
[BlackElo "2263"]
[TimeControl "180+1"]
[EndTime "10:15:55 PDT"]
[Termination "m_ezat won by resignation"]

1. d4 Nf6 2. c4 g6 3. Nc3 Bg7 4.
e4 d6 5. Be2 O-O 6. Bg5 c5 7. d5 e6 8. Qd2 exd5 9. exd5 Qb6 10.
Nf3 Re8 11. O-O Bf5 12. Nh4 Ne4 13. Nxe4 Bxe4 14. Rae1 f6 15. Bh6 g5 16. Bxg7 Kxg7 17. Bd3 Nd7 18. Rxe4 Rxe4 19. Nf5+ Kf7 20. Bxe4 Re8 21.
Bb1 Ne5 22. b3 h5 23. f4 gxf4 24. Qxf4 Qb4 25. Nxd6+ 1-0

[Event "*** SCC Grand Prix: Titled Tuesday Blitz"]
[Site "Chess.com"]
[Date "2020.06.09"]
[Round "7"]
[White "gui_borba"]
[Black "Smile2005"]
[Result "0-1"]
[WhiteElo "2350"]
[BlackElo "2509"]
[TimeControl "180+1"]
[EndTime "10:16:01 PDT"]
[Termination "Smile2005 won by checkmate"]

1. d4 Nf6 2. Bf4 g6 3. Nc3 Bg7 4. e4 O-O 5. Qd2 d6 6. O-O-O c5 7. dxc5 Qa5 8. cxd6 Nxe4 9. Nxe4 Qxa2 10. c3 Qa1+ 11. Kc2 Qa4+ 12. Kd3 e5 13. Bh6 Bxh6 14. Qxh6 Qxd1+ 15. Nd2 Bf5+ 16. Ke3 Rd8 17. Be2 Qc1 18. Nf3 Qxb2 19. Ne4 Bxe4 20. Ng5 Qxc3+ 21. Kxe4 Qd4+ 22. Kf3 Qf4# 0-1

[Event "*** SCC Grand Prix: Titled Tuesday Blitz"]
[Site "Chess.com"]
[Date "2020.06.09"]
[Round "7"]
[White "Kilpkonn"]
[Black "esrosenberg"]
[Result "1/2-1/2"]
[WhiteElo "2021"]
[BlackElo "2211"]
[TimeControl "180+1"]
[EndTime "10:16:02 PDT"]
[Termination "Game drawn by repetition"]

1. e4 e5 2. Nc3 Nf6 3. f4 d5 4. fxe5 Nxe4 5. d3 Qh4+ 6. g3 Nxg3 7. Nf3 Qh5 8. Rg1 Nxf1 9. Rxf1 Bh3 10. Rf2 Bc5 11. d4 Bb4 12. Bd2 c6 13. Qe2 O-O 14. O-O-O Nd7 15. Rg1 Rae8 16. Rg5 Qh6 17. Rg3 Qh5 18.
Rg5 Qh6 19. Rg3 Qh5 20. Rg5 1/2-1/2

[Event "*** SCC Grand Prix: Titled Tuesday Blitz"]
[Site "Chess.com"]
[Date "2020.06.09"]
[Round "7"]
[White "WinstonSilvakov"]
[Black "Shuvalov"]
[Result "0-1"]
[WhiteElo "2116"]
[BlackElo "2458"]
[TimeControl "180+1"]
[EndTime "10:16:04 PDT"]
[Termination "Shuvalov won by resignation"]

1. d4 d5 2. e3 c5 3. c3 Nc6 4. f4 Nf6 5. Bd3 Bg4 6. Nf3 e6 7. Nbd2 Bd6 8. O-O cxd4 9. cxd4 O-O 10. a3 Ne7 11. h3 Bf5 12. Be2 Rc8 13. Qa4 a6 14.
Ne5 Bc2 15. b3 Ra8 16. Ra2 b5 17. Bxb5 axb5 18. Qxb5 Qc7 19. Ndf3 Rfb8 0-1

[Event "*** SCC Grand Prix: Titled Tuesday Blitz"]
[Site "Chess.com"]
[Date "2020.06.09"]
[Round "7"]
[White "CrazyMartian"]
[Black "awesomevishesh"]
[Result "0-1"]
[WhiteElo "2286"]
[BlackElo "2411"]
[TimeControl "180+1"]
[EndTime "10:16:07 PDT"]
[Termination "awesomevishesh won by resignation"]

1. d4 Nf6 2. Bf4 g6 3. Nc3 d5 4. e3 Bg7 5. h4 h5 6. Nf3 c6 7.
Ne5 Nbd7 8. Bd3 Nxe5 9. Bxe5 O-O 10. O-O Ng4 11. Bxg7 Kxg7 12. Ne2 e5 13. Ng3 Qxh4 14. Re1 exd4 15. exd4 Qh2+ 16. Kf1 h4 17. Ke2 hxg3 18. Rh1 Qxg2 0-1

[Event "*** SCC Grand Prix: Titled Tuesday Blitz"]
[Site "Chess.com"]
[Date "2020.06.09"]
[Round "7"]
[White "kingmonkey2006"]
[Black "Vaathi_Coming"]
[Result "0-1"]
[WhiteElo "2578"]
[BlackElo "2832"]
[TimeControl "180+1"]
[EndTime "10:16:08 PDT"]
[Termination "Vaathi_Coming won by resignation"]

1. e4 e5 2. Nf3 Nc6 3. Bb5 a6 4.
Ba4 Nf6 5. O-O b5 6. Bb3 Bc5 7. a4 Rb8 8. axb5 axb5 9. d3 d6 10. h3 O-O 11. Nc3 h6 12. Be3 Bxe3 13. fxe3 Be6 14.
Bxe6 fxe6 15. Qe1 Qe8 16. Qg3 b4 17. Ne2 Ne7 18. Nh4 Kh7 19. b3 Qc6 20. Ra2 Ra8 21.
Rfa1 Rxa2 22. Rxa2 Ra8 23. Rxa8 Qxa8 24. Qe1 c5 25.
Qb1 Nxe4 26. dxe4 Qxe4 27. Nf3 Qxe3+ 28. Kf1 e4 29. Nh2 Nd5 30. Ng4 Qxe2+ 31. Kxe2 Nc3+ 32. Ke3 Nxb1 33. Kxe4 Nc3+ 34. Kd3 Kg6 35. Nf2 Kf5 36. g3 h5 0-1

[Event "*** SCC Grand Prix: Titled Tuesday Blitz"]
[Site "Chess.com"]
[Date "2020.06.09"]
[Round "7"]
[White "Berardino"]
[Black "Julianos82"]
[Result "1-0"]
[WhiteElo "2527"]
[BlackElo "2388"]
[TimeControl "180+1"]
[EndTime "10:16:10 PDT"]
[Termination "Berardino won by resignation"]

1. e4 c5 2. Nf3 b6 3. d4 cxd4 4.
Nxd4 Bb7 5. Nc3 a6 6. Bg5 Qc7 7. Qf3 e6 8. O-O-O Nc6 9. Bf4 Qc8 10. Be2 Nf6 11. Qg3 Be7 12. e5 Nxd4 13. Rxd4 Nd5 14.
Nxd5 Bxd5 15. Qxg7 Rf8 16. Kb1 Qc6 17. Rd3 b5 18. Rhd1 Qc4 19. Rxd5 Qxe2 20. Rxd7 Rd8 21. Rxd8+ Bxd8 22. Rxd8+ 1-0

[Event "*** SCC Grand Prix: Titled Tuesday Blitz"]
[Site "Chess.com"]
[Date "2020.06.09"]
[Round "7"]
[White "XiaoKangZhong"]
[Black "VladimirBugayev"]
[Result "1-0"]
[WhiteElo "2393"]
[BlackElo "2268"]
[TimeControl "180+1"]
[EndTime "10:16:12 PDT"]
[Termination "XiaoKangZhong won by checkmate"]

1. e4 c6 2. d4 d5 3. e5 Bf5 4.
h4 h6 5. g4 Be4 6. f3 Bh7 7. e6 Qd6 8. exf7+ Kxf7 9. Ne2 e5 10.
dxe5 Qxe5 11. Nc3 Bb4 12. Bf4 Bxc3+ 13. bxc3 Qf6 14. g5 Qf5 15. Bh3 Qxc2 16. Qd4 hxg5 17. hxg5 Bd3 18. g6+ Kf8 19. Bd6+ Ne7 20. Qf4+ Bf5 21.
Bxf5 Rxh1+ 22. Kf2 Rh2+ 23. Qxh2 Qxf5 24. Qh8# 1-0

[Event "*** SCC Grand Prix: Titled Tuesday Blitz"]
[Site "Chess.com"]
[Date "2020.06.09"]
[Round "7"]
[White "Harsha_Bharathakoti"]
[Black "Slovak_fighter2000"]
[Result "1-0"]
[WhiteElo "2745"]
[BlackElo "2446"]
[TimeControl "180+1"]
[EndTime "10:16:19 PDT"]
[Termination "Harsha_Bharathakoti won by resignation"]

1. e4 e6 2. d4 d5 3. Nc3 Nf6 4.
e5 Nfd7 5. Nce2 c5 6. c3 Nc6 7.
Nf3 Be7 8. Nf4 O-O 9. a3 a6 10.
Bd3 b5 11. h4 h6 12. Bb1 Re8 13. Rh3 Nf8 14. Nh5 f5 15. Rg3 g6 16. Bxh6 Kh7 17.
Ng5+ Bxg5 18. Bxg5 Re7 19. Bxe7 Qxe7 20. Nf6+ Kg7 21. h5 cxd4 22. cxd4 Bb7 23. hxg6 Nxg6 24. Rxg6+ 1-0

[Event "*** SCC Grand Prix: Titled Tuesday Blitz"]
[Site "Chess.com"]
[Date "2020.06.09"]
[Round "7"]
[White "LyonBeast"]
[Black "Firouzja2003"]
[Result "1/2-1/2"]
[WhiteElo "2976"]
[BlackElo "3138"]
[TimeControl "180+1"]
[EndTime "10:16:27 PDT"]
[Termination "Game drawn by agreement"]

1. d4 Nf6 2. Nf3 d5 3. c4 e6 4. e3 dxc4 5. Bxc4 c5 6. O-O a6 7. dxc5 Qxd1 8. Rxd1 Bxc5 9. b3 b6 10. Bb2 Bb7 11. Nc3 Nbd7 12. Rac1 Rc8 13. Na4 Be7 14. Bxf6 Bxf6 15. Rxd7 Kxd7 16. Nxb6+ Ke7 17. Nxc8+ Rxc8 18. Kf1 Bxf3 19. gxf3 g5 20. h3 a5 21. Ke2 Be5 22. Rg1 h6 23. Rh1 Bf6 24. Rc1 Be5 25. Rc2 Rc7 26.
Rd2 Rd7 27. Bd3 Rc7 28. Bb5 Bc3 29. Rc2 Be5 30. Bc4 Rd7 31. a3 Bd6 32. Ra2 Bc5 33.
b4 axb4 34. a4 Rc7 35. Bb3 Ba7 36. Rc2 Rxc2+ 37. Bxc2 1/2-1/2

[Event "*** SCC Grand Prix: Titled Tuesday Blitz"]
[Site "Chess.com"]
[Date "2020.06.09"]
[Round "7"]
[White "Generalas"]
[Black "Bastiandash"]
[Result "1-0"]
[WhiteElo "2373"]
[BlackElo "2175"]
[TimeControl "180+1"]
[EndTime "10:16:30 PDT"]
[Termination "Generalas won by resignation"]

1. e4 c5 2. c3 Nf6 3. e5 Nd5 4. Nf3 e6 5. Bc4 d6 6. O-O dxe5 7.
Nxe5 Be7 8. d4 cxd4 9. cxd4 O-O 10. Nc3 Nxc3 11. bxc3 Nd7 12. f4 a6 13. Qe2 b5 14. Nc6 Qe8 15. Bxe6 fxe6 16. Qxe6+ Rf7 17. Ba3 Nc5 18. Nxe7+ Kh8 19. Ng6+ 1-0

[Event "*** SCC Grand Prix: Titled Tuesday Blitz"]
[Site "Chess.com"]
[Date "2020.06.09"]
[Round "7"]
[White "MNyuyu"]
[Black "rugbyclub"]
[Result "1-0"]
[WhiteElo "2357"]
[BlackElo "2121"]
[TimeControl "180+1"]
[EndTime "10:16:33 PDT"]
[Termination "MNyuyu won by resignation"]

1. d4 Nf6 2. Nf3 d5 3. Bf4 e6 4. e3 Bd6 5. Bg3 O-O 6. Bd3 b6 7.
Nbd2 c5 8. c3 Ba6 9. Qe2 Bxd3 10. Qxd3 Nc6 11. Ne5 Bxe5 12. dxe5 Nd7 13. f4 f5 14. exf6 Nxf6 15. O-O Qe8 16. e4 Rd8 17. e5 Nh5 18. Rad1 g6 19. Nf3 Nxf4 20. Qd2 Nh5 21.
Qh6 Nxg3 22. hxg3 Rd7 23. Rf2 Qb8 24. Rdf1 Qc7 25. Ng5 Rxf2 26. Rxf2 Qd8 27. Nxe6 1-0

[Event "*** SCC Grand Prix: Titled Tuesday Blitz"]
[Site "Chess.com"]
[Date "2020.06.09"]
[Round "7"]
[White "j_coca"]
[Black "Unknown_IM"]
[Result "0-1"]
[WhiteElo "2213"]
[BlackElo "2464"]
[TimeControl "180+1"]
[EndTime "10:16:35 PDT"]
[Termination "Unknown_IM won by resignation"]

1. f4 e5 2. fxe5 d6 3. exd6 Bxd6 4. Nf3 g5 5. d4 g4 6. Ng5 f5 7. e4 h6 8. Nh3 gxh3 9. Qh5+ Kf8 10. e5 Be7 11. Bc4 Rh7 12. c3 Bg5 13. Nd2 hxg2 14.
Rg1 Bh4+ 15. Kd1 Qg5 16. Qf3 Qg4 17. Rxg2 Qxf3+ 18. Nxf3 Bg5 19. h4 b5 20. Bb3 Bb7 21. Ke2 Bxc1 22. Rxg8+ Ke7 23. Rxc1 Nd7 24. Rxa8 Bxa8 25.
Rg1 a5 26. Rg8 Be4 27. Nd2 a4 28. Bd1 Bd5 29. a3 Bxg8 0-1

[Event "*** SCC Grand Prix: Titled Tuesday Blitz"]
[Site "Chess.com"]
[Date "2020.06.09"]
[Round "7"]
[White "Glek_Igor"]
[Black "snap_man"]
[Result "1-0"]
[WhiteElo "2439"]
[BlackElo "2298"]
[TimeControl "180+1"]
[EndTime "10:16:37 PDT"]
[Termination "Glek_Igor won by resignation"]

1. e4 c5 2. Nf3 g6 3. c3 Bg7 4. h3 d5 5. e5 Nc6 6. Bb5 Qb6 7. a4 a6 8. Bxc6+ Qxc6 9. d4 Bf5 10.
Be3 Be4 11. Nbd2 Bxf3 12. Nxf3 c4 13. a5 e6 14. b3 Ne7 15. O-O Qb5 16. Nd2 O-O 17.
Bg5 Nc6 18. bxc4 dxc4 19. Qa4 Rfc8 20. Rfb1 Qxa4 21. Rxa4 Rc7 22. Nxc4 Na7 23. Nd6 Nb5 24. Nxb5 axb5 25. Rxb5 Bf8 26. c4 Rd8 1-0

[Event "*** SCC Grand Prix: Titled Tuesday Blitz"]
[Site "Chess.com"]
[Date "2020.06.09"]
[Round "7"]
[White "guillembaches"]
[Black "eightbyeightchess"]
[Result "1-0"]
[WhiteElo "2483"]
[BlackElo "2381"]
[TimeControl "180+1"]
[EndTime "10:16:43 PDT"]
[Termination "guillembaches won by resignation"]

1. e4 d5 2. exd5 Nf6 3. Nf3 Bg4 4. h3 Bh5 5. c4 c6 6. Nc3 cxd5 7. cxd5 Nxd5 8. g4 Nxc3 9. bxc3 Bg6 10. Ne5 Qd5 11. Qa4+ Nc6 12. Nxc6 bxc6 13. Rg1 e6 14. Bg2 Qe5+ 15.
Kd1 Rc8 16. Bxc6+ Kd8 17. d4 Qc7 18. Bd2 Qxc6 19. Qxa7 Qf3+ 20. Kc1 Qb7 21. Qxb7 1-0

[Event "*** SCC Grand Prix: Titled Tuesday Blitz"]
[Site "Chess.com"]
[Date "2020.06.09"]
[Round "7"]
[White "ENEASZ"]
[Black "ZarinaShafigullina"]
[Result "1-0"]
[WhiteElo "2469"]
[BlackElo "2247"]
[TimeControl "180+1"]
[EndTime "10:16:52 PDT"]
[Termination "ENEASZ won by checkmate"]

1. e4 c5 2. c3 d5 3. exd5 Qxd5 4.
d4 Nf6 5. Nf3 Bg4 6. Be2 Nc6 7.
h3 Bh5 8. c4 Qd6 9. d5 Bxf3 10.
Bxf3 Nd4 11. Be3 Nxf3+ 12. Qxf3 O-O-O 13. Nc3 e6 14. O-O exd5 15. cxd5 a6 16. Rfd1 Be7 17. Rac1 Kd7 18. Qf5+ Ke8 19. Bf4 Qd7 20. Qd3 Bd6 21. Re1+ Kf8 22. Bg5 Be7 23. Rcd1 h6 24. d6 Qxd6 25. Qf5 Qc7 26. Rxd8+ Qxd8 27. Bxf6 Bxf6 28. Qxc5+ Kg8 29. Ne4 Qd4 30. Qc8+ Kh7 31. Qf5+ Kg8 32. Nxf6+ gxf6 33. Re4 Qd1+ 34. Kh2 Qd6+ 35. g3 Kf8 36.
Qc8+ Kg7 37. Rg4+ Kh7 38. Qf5# 1-0

[Event "*** SCC Grand Prix: Titled Tuesday Blitz"]
[Site "Chess.com"]
[Date "2020.06.09"]
[Round "7"]
[White "Anton_Demchenko"]
[Black "Dinamo81"]
[Result "1-0"]
[WhiteElo "2825"]
[BlackElo "2649"]
[TimeControl "180+1"]
[EndTime "10:16:58 PDT"]
[Termination "Anton_Demchenko won on time"]

1. d4 d5 2. Nf3 e6 3. Bf4 Nf6 4. e3 Bd6 5. Ne5 O-O 6. Nd2 c5 7. c3 Qc7 8. Bd3 Nbd7 9. Ndf3 b6 10. g4 Bb7 11. g5 Ne4 12. Rg1 Rfd8 13. h4 a5 14. Qe2 cxd4 15. cxd4 Nxe5 16. Nxe5 Rac8 17. Kf1 Bxe5 18. Bxe5 Qd7 19. h5 Nd6 20. Bxh7+ Kxh7 21. g6+ 1-0

[Event "*** SCC Grand Prix: Titled Tuesday Blitz"]
[Site "Chess.com"]
[Date "2020.06.09"]
[Round "7"]
[White "SargissyanSargis"]
[Black "kran900"]
[Result "0-1"]
[WhiteElo "2308"]
[BlackElo "2447"]
[TimeControl "180+1"]
[EndTime "10:16:58 PDT"]
[Termination "kran900 won by resignation"]

1. e4 e5 2. Nf3 Nc6 3. Bb5 a6 4. Ba4 Nf6 5. O-O Be7 6. d3 b5 7.
Bb3 O-O 8. c3 d5 9. Nbd2 Bg4 10.
h3 Bh5 11. Re1 d4 12. Nf1 Na5 13. g4 Nxb3 14. axb3 Nxg4 15. hxg4 Bxg4 16. N1h2 Bh5 17. Qc2 f5 18. Nxe5 f4 19. f3 Bh4 20. Rf1 Qd6 21. Neg4 Bg3 22. e5 Qd8 23. Qe2 Bg6 24.
c4 h5 25. Nf2 Bxh2+ 26. Kxh2 Qh4+ 27. Nh3 Qg3+ 28. Kh1 Qxh3+ 29. Qh2 Qxf1+ 0-1

[Event "*** SCC Grand Prix: Titled Tuesday Blitz"]
[Site "Chess.com"]
[Date "2020.06.09"]
[Round "7"]
[White "TST2014"]
[Black "CalinGheorghiu"]
[Result "0-1"]
[WhiteElo "2510"]
[BlackElo "2346"]
[TimeControl "180+1"]
[EndTime "10:17:00 PDT"]
[Termination "CalinGheorghiu won by checkmate"]

1. d4 Nf6 2. c4 g6 3. Nf3 Bg7 4. Nc3 O-O 5. e4 d6 6. Be2 e5 7.
O-O Nc6 8. d5 Ne7 9. b4 a5 10.
bxa5 Rxa5 11. a4 Nd7 12. Nd2 f5 13. Nb3 Ra8 14. a5 b6 15. axb6 Rxa1 16. bxc7 Qxc7 17.
Nxa1 Nc5 18. f3 Ba6 19. Nb3 Rb8 20. Nb5 Bxb5 21. cxb5 fxe4 22. Be3 exf3 23. Rxf3 Nf5 24. Bxc5 dxc5 25. Rxf5 gxf5 26. d6 Qb6 27. Qd5+ Kh8 28. Bc4 Rd8 29. d7 e4 30. Kf1 Qa7 31. Nxc5 Qa1+ 32.
Ke2 Qb2+ 33. Ke3 Bh6# 0-1

[Event "*** SCC Grand Prix: Titled Tuesday Blitz"]
[Site "Chess.com"]
[Date "2020.06.09"]
[Round "7"]
[White "Alex_Banzea"]
[Black "Aygehovit1992"]
[Result "1-0"]
[WhiteElo "2468"]
[BlackElo "2676"]
[TimeControl "180+1"]
[EndTime "10:17:04 PDT"]
[Termination "Alex_Banzea won by resignation"]

1. e4 d6 2. d4 g6 3. Nc3 Bg7 4. h4 h5 5. Be3 c6 6. Qd2 b5 7. O-O-O Qa5 8. Kb1 Nd7 9. f3 Nb6 10. a3 Rb8 11. Ka1 b4 12. Na2 c5 13. dxc5 Qxa3 14.
Bd4 Bxd4 15. Qxd4 Qa5 16. Qxh8 Be6 17. b3 Rc8 18. cxd6 Rxc2 19. Qxg8+ Kd7 20. dxe7+ Kc6 21.
e8=Q+ Bd7 22. Qxd7+ Nxd7 23. Qc8+ Kb6 24. Qxc2 1-0

[Event "*** SCC Grand Prix: Titled Tuesday Blitz"]
[Site "Chess.com"]
[Date "2020.06.09"]
[Round "7"]
[White "kot60"]
[Black "chesslh19"]
[Result "1-0"]
[WhiteElo "2357"]
[BlackElo "2117"]
[TimeControl "180+1"]
[EndTime "10:17:05 PDT"]
[Termination "kot60 won by resignation"]

1. e4 c5 2. Nc3 Nc6 3. Bc4 g6 4. d3 Bg7 5. f4 d6 6. f5 Nf6 7. Nf3 O-O 8. O-O Na5 9. fxg6 hxg6 10. Qe1 Nxc4 11. dxc4 Be6 12. b3 Nxe4 13. Nxe4 Bxa1 14. Qh4 f6 15. Bh6 Be5 16. Bxf8 Qxf8 17. Nfg5 Bd4+ 18. Kh1 fxg5 19. Rxf8+ Rxf8 20. Qe1 Bf5 21. Nxg5 e5 22. c3 Bd3 23. Nf3 e4 24. cxd4 exf3 25. Qe6+ Kg7 26. gxf3 Rxf3 27. Qxd6 Be4 28. Qe5+ Rf6+ 29. Qxe4 cxd4 30.
Qxb7+ 1-0